 Dungeon Crawl Stone Soup version 0.16-a0-3585-g2f5ff90 (webtiles) character file.

84 Pikaro the Insei (level 4, -5/28 HPs)
             Began as an Octopode Transmuter on Jan 11, 2015.
             Killed by divine providence
             ... invoked by an orc priest
              (13 damage)
             ... on level 3 of the Dungeon.
             The game lasted 00:06:12 (2990 turns).

Pikaro the Insei (Octopode Transmuter)              Turns: 2990, Time: 00:06:12

Health: -5/28      AC:  1    Str:  9    XL:     4   Next: 45%
Magic:  7/7        EV: 12    Int: 15    God:
Gold:   61         SH:  0    Dex: 13    Spells: 3 memorised, 1 level left

rFire  . . .     SeeInvis .       - Unarmed
rCold  . . .     Clarity  .     (no shield)
rNeg   . . .     SustAb   .     (helmet restricted)
rPois  .         Gourm    .     (no amulet)
rElec  .         Spirit   .     (no ring)
rCorr  .         Warding  .     (no ring)
rMut   .         Stasis   .     (no ring)
MR     .....                    (no ring)
Stlth  ++........               (no ring)
                                (no ring)
                                (no ring)
                                (no ring)

@: not resistant to hostile enchantments, unstealthy
A: almost no armour, amphibious, 8 rings, constrict 8, camouflage 1, gelatinous
body 1
a: no special abilities


You were on level 3 of the Dungeon.
You were not hungry.

You visited 1 branch of the dungeon, and saw 3 of its levels.

You collected 61 gold pieces.

Inventory:

Missiles
 b - 54 arrows
Scrolls
 c - a scroll of teleportation {unknown}
 e - 6 scrolls of identify {unknown}
 g - a scroll of enchant armour {unknown}
Potions
 f - a potion of haste {unknown}
 i - a potion of mutation {unknown}
Books
 d - a book of Changes
Comestibles
 a - a bread ration
 h - 2 chunks of flesh


   Skills:
 - Level 1.0 Fighting
 - Level 2.0 Dodging
 + Level 5.1 Unarmed Combat
 - Level 2.0 Spellcasting
 - Level 2.0 Transmutations


You had one spell level left.
You knew the following spells:

 Your Spells              Type           Power        Failure   Level  Hunger
a - Beastly Appendage     Trmt           #.....       12%         1    #......
p - Spider Form           Trmt/Pois      #.........   43%         3    ###....
s - Sticks to Snakes      Trmt           #.........   14%         2    ###....


Dungeon Overview and Level Annotations

Branches:
Dungeon (3/15)

Altars:

Annotations:
D:2 Robin
D:3 wvc's ghost, average KoAM


Innate Abilities, Weirdness & Mutations

You cannot wear most types of armour.
You are amphibious.
You can wear up to eight rings at the same time.
You can use your tentacles to constrict many enemies at once.
Your skin changes colour to match your surroundings (Stealth).
Your rubbery body absorbs attacks (AC +1).


Message History

You are near starving!
The helpless giant gecko fails to defend itself.
You bludgeon the giant gecko!
You kill the giant gecko!
There is a stone staircase leading up here.
A giant gecko comes into view.
You see here 9 gold pieces.
The giant gecko misses you.
The giant gecko bites you but does no damage.
You barely miss the giant gecko. Your grab misses the giant gecko.
The giant gecko bites you.
You take 5 damage, and have 23/28 hp.
You tentacle-slap the giant gecko. Your grab misses the giant gecko.
The giant gecko closely misses you.
You barely miss the giant gecko. Your grab misses the giant gecko.
The giant gecko bites you.
You take 4 damage, and have 19/28 hp.
You miss the giant gecko. Your grab misses the giant gecko.
The giant gecko barely misses you.
You miss the giant gecko. Your grab misses the giant gecko.
The giant gecko bites you.
You take 4 damage, and have 15/28 hp.
You tentacle-slap the giant gecko.
You kill the giant gecko!
You see here a giant gecko corpse.
You butcher the giant gecko corpse.
h - a chunk of flesh Eating a chunk of flesh.
You are feeling hungry.
You continue eating. x2
You now have 61 gold pieces (gained 9).
Wvc's ghost (average Kobold Arcane Marksman) comes into view.
It is wielding a weapon of venom.
Wvc's ghost turns its malevolent gaze towards you.
A rat comes into view.
A kobold comes into view. It is wielding a short sword.
The kobold hits you with a short sword.
You take 4 damage, and have 14/28 hp.
You tentacle-slap the kobold.
You kill the kobold!
Unknown command. a short sword; a kobold corpse You see here a smoky green potion.
You bludgeon the rat!
You kill the rat!
You start resting.
You are feeling very hungry.
You regained 5 hp, and now have 21/28 hp.
You start resting.
Health restored: 28 Total turns waited: 132 An orc comes into view.
It is wielding a trident.
You see here a smoky green potion.
The orc shouts!
The orc suddenly jeers.
The orc hits you with a trident.
You take 5 damage, and have 23/28 hp.
You closely miss the orc. You grab the orc. You squeeze the orc.
You constrict the orc, but do no damage.
The orc completely misses you.
You tentacle-slap the orc but do no damage.
You constrict the orc. You tentacle-slap the orc. You squeeze the orc.
You kill the orc! a trident; a chain mail; an orc corpse You butcher the orc corpse.
h - 3 chunks of flesh; a trident; a chain mail; an orc skeleton Eating one of 3 chunks of flesh.
You continue eating. x2 a trident; a chain mail; an orc skeleton You start resting.
An orc priest comes into view. It is wielding a hand axe.
Spoiler Alert: The orc priest (wandering) can smite you!
Total turns waited: 7 An orc priest is nearby!
Spoiler Alert: The orc priest (wandering) can smite you!
The orc priest moves out of view.
i - a smoky green potion Spoiler Alert: The orc priest can smite you!
The orc priest calls down the wrath of Beogh upon you.
Something smites you!
You take 11 damage, and have 14/28 hp.
MASSIVE DAMAGE!!
The orc priest utters an invocation to Beogh.
You feel a wave of unholy energy pass over you.
Spoiler Alert: The orc priest can smite you!
The orc priest hits you with a hand axe.
* * * LOW HITPOINT WARNING * * *
You take 6 damage, and have 8/28 hp.
MASSIVE DAMAGE!!
You tentacle-slap the orc priest but do no damage.
You grab the orc priest. You squeeze the orc priest.
You constrict the orc priest, but do no damage.
Spoiler Alert: The orc priest can smite you!
Drink which item? (? for menu, Esc to quit)
Okay, then.
You tentacle-slap the orc priest. You squeeze the orc priest.
You constrict the orc priest, but do no damage.
The orc priest calls down the wrath of Beogh upon you.
Something smites you!
You die...

####.#..#
#....r..#
###.###....#
...######...#
#....#
.........).###
###..#
...####...#
#...# #..###
###.# #.o# ..
#.@### .#.
##....#
#..#..#
##.##....#
#..# ..#.#
##.## #.#...
#..# .# # #.##
.# ...


You could see an orc priest.

Vanquished Creatures
  2 adders (D:2)
  A gnoll (D:1)
  A giant mite (D:2)
  5 giant geckos
  An orc (D:3)
  7 hobgoblins
  3 jackals (D:1)
  A quokka (D:2)
  A ball python (D:1)
  5 bats
  4 giant cockroaches
  A giant newt (D:1)
  3 goblins
  5 kobolds
  4 rats
44 creatures vanquished.

Notes
Turn   | Place    | Note
--------------------------------------------------------------
     0 | D:1      | Pikaro, the Octopode Transmuter, began the quest for the Orb.
     0 | D:1      | Reached XP level 1. HP: 13/13 MP: 3/3
   362 | D:1      | Reached XP level 2. HP: 12/18 MP: 4/4
   710 | D:1      | Reached skill level 4 in Unarmed Combat
   974 | D:1      | Reached XP level 3. HP: 23/23 MP: 6/6
   978 | D:1      | Learned a level 2 spell: Sticks to Snakes
   982 | D:1      | Learned a level 3 spell: Spider Form
  2478 | D:2      | Reached XP level 4. HP: 21/28 MP: 7/7
  2552 | D:2      | Reached skill level 5 in Unarmed Combat
  2553 | D:2      | Noticed Robin
  2778 | D:3      | Noticed wvc's ghost (average KoAM)
  2990 | D:3      | Killed from afar by an orc priest

Action                   |  1- 3 |  4- 6 || total
-------------------------+-------+-------++-------
Melee: Unarmed           |    95 |    18 ||   113
 Stab: Sleeping          |     4 |     1 ||     5
       Distracted        |     1 |       ||     1
  Eat: Chunk             |     4 |     2 ||     6

Vault maps used:
D:1:      co_arrival_two_rings
D:2:      lemuel_tele_altar, uniq_robin, uniq_crazy_yiuf_cottage
D:3:      lemuel_coloured_pillars_altar, first_bread, minmay_quantized

Table legend:
 A = Turns spent in this place as a percentage of turns spent in the entire game.
 B = Non-inter-level travel turns spent in this place as a percentage of non-inter-level travel turns spent in the entire game.
 C = Inter-level travel turns spent in this place as a percentage of turns spent in this place.
 D = Turns resting spent in this place as a percentage of non-inter-level travel turns spent in this place.
 E = Turns spent auto-exploring this place as a percentage of non-inter-level travel turns spent in this place.
 F = Non-inter-level travel turns spent in this place divided by the number of levels of this place that you've seen.
                   A       B       C       D       E      F
               +-------+-------+-------+-------+-------+----------------------
         Total | 100.0 | 100.0 |   0.0 |   8.5 |   6.5 | 189.3
       Dungeon | 100.0 | 100.0 |   0.0 |   8.5 |   6.5 | 189.3
               +-------+-------+-------+-------+-------+----------------------

Table legend:
 A = Kills in this place as a percentage of kills in entire the game.
 B = Kills by you in this place as a percentage of kills by you in the entire game.
 C = Kills by friends in this place as a percentage of kills by friends in the entire game.
 D = Other kills in this place as a percentage of other kills in the entire game.
 E = Experience gained in this place as a percentage of experience gained in the entire game.
 F = Experience gained in this place divided by the number of levels of this place that you have seen.
                   A       B       C       D       E      F
               +-------+-------+-------+-------+-------+----------------------
         Total | 100.0 | 100.0 |  -nan |  -nan | 100.0 |  40.0
       Dungeon | 100.0 | 100.0 |  -nan |  -nan | 100.0 |  40.0
               +-------+-------+-------+-------+-------+----------------------
